 Dungeon Crawl Stone Soup version 0.29.1-13-g9f3cf754e1 (webtiles) character file.

Game seed: 12550546835122735789

1405 LynnLen the Jinx (level 8, -1/36 HPs)
             Began as a Spriggan Enchanter on Jan 28, 2023.
             Was an Initiate of Ashenzari.
             Killed by divine providence
             ... invoked by an orc priest
              (11 damage)
             ... on level 7 of the Dungeon on Jan 29, 2023.
             The game lasted 00:29:03 (8476 turns).

LynnLen the Jinx (Spriggan Enchanter)               Turns: 8476, Time: 00:29:03

Health: -1/36      AC:  6    Str:  4    XL:     8   Next: 42%
Magic:  15/20      EV: 17    Int: 22    God:    Ashenzari [......]
Gold:   327        SH:  0    Dex: 16    Spells: 11/22 levels left

rFire   . . .      SeeInvis +   r - +6 short sword "Pankok" {elec, Int+4}
rCold   . . .      Faith    .   (no shield)
rNeg    . . .      Spirit   .   z - +2 robe {Will+}
rPois   +          Reflect  .   (helmet restricted)
rElec   .          Harm     .   m - +1 cloak
rCorr   .          Rampage  .   (gloves unavailable)
Will    +++..                   (boots unavailable)
Stlth   +++.......              (no amulet)
HPRegen 0.12/turn               p - ring of poison resistance
MPRegen 0.17/turn               v - ring of willpower

@: very quick
A: very small, no large weapons, unfitting armour, see invisible, speed 3
a: Renounce Religion


You were on level 7 of the Dungeon.
You worshipped Ashenzari.
Ashenzari was noncommittal.
You visited 2 branches of the dungeon, and saw 8 of its levels.

You collected 327 gold pieces.

Inventory:

Hand Weapons
 l - a +7 dagger of flaming
 r - the +6 short sword "Pankok" (weapon) {elec, Int+4}
   (You found it on level 3 of the Dungeon)

   It occasionally discharges a powerful burst of electricity upon striking a
   foe.
   Int:       It affects your intelligence (+4).
Missiles
 d - 68 stones (quivered)
 h - 2 curare-tipped darts
 o - 6 poisoned darts
Armour
 m - a +1 cloak (worn)
 z - a +2 robe of willpower (worn)
Jewellery
 n - an amulet of guardian spirit
 p - a ring of poison resistance (left hand)
 v - a ring of willpower (right hand)
Wands
 w - a wand of paralysis (8)
Scrolls
 k - a scroll of fog
 t - 4 scrolls of teleportation
Potions
 a - 4 potions of heal wounds
 b - 2 potions of resistance {unknown}
 c - 2 potions of invisibility
 e - 2 potions of berserk rage
 f - a potion of mutation {unknown}
 g - 2 potions of curing
 i - a potion of lignification {unknown}
 j - 2 potions of attraction
 q - a potion of might {unknown}
 s - a potion of magic {unknown}
 u - a potion of brilliance {unknown}


   Skills:
 + Level 6.5 Short Blades
 - Level 2.6 Dodging
 - Level 4.4 Stealth
 + Level 7.7 Spellcasting
 + Level 8.0 Hexes


You had 11 spell levels left.
You knew the following spells:

 Your Spells              Type           Power      Damage    Failure   Level
a - Ensorcelled Hibernat  Hex/Ice        52%        N/A       2%          2
b - Confusing Touch       Hex            44%        N/A       1%          3
c - Tukima's Dance        Hex            44%        N/A       1%          3
d - Dazzling Flash        Conj/Hex       52%        N/A       4%          3

Your spell library contained the following spells:

 Spells                   Type           Power      Damage    Failure   Level
 Inner Flame              Hex/Fire       26%        N/A       4%          3
 Foxfire                  Conj/Fire      32%        2x1d5     8%          1
 Shock                    Conj/Air       32%        1d5       8%          1
 Conjure Flame            Conj/Fire      8%         6-21      22%         3
 Swiftness                Air            8%         N/A       22%         3
 Airstrike                Air            4%         2d(1-17)  58%         4
 Flame Wave               Conj/Fire      8%         2d5       58%         4
 Malign Gateway           Summ/Tloc      4%         N/A       100%        7
 Summon Horrible Things   Summ           4%         N/A       100%        8


Dungeon Overview and Level Annotations

Branches:
Dungeon (7/15)             Temple (1/1) D:7

Altars:
Ashenzari
Cheibriados
Dithmenos
Elyvilon
Fedhas
Gozag
Hepliaklqana
Kikubaaqudgha
Makhleb
Qazlal
Ru
Sif Muna
Trog
Uskayaw
Wu Jian
Xom
Zin
The Shining One

Shops:
D:1 (   D:3 (   D:5 =

Annotations:
D:3 3 runed translucent doors, cheesebisquit's ghost, amateur GrEE; shadowmeld's ghost, amateur DjMo
D:5 2 transporters


Innate Abilities, Weirdness & Mutations

You are very small and have problems with some larger weapons.
You are too small for most types of armour.
You have supernaturally acute eyesight. (SInv)
You cover ground extremely quickly. (Speed+++)


Message History

There is a staircase back to the Dungeon here.
You climb upwards.
Welcome back to the Dungeon!
There is a staircase to the Ecumenical Temple here.
There is a staircase to the Ecumenical Temple here.
Why would you want to do that?
There is a staircase to the Ecumenical Temple here.
There is a staircase to the Ecumenical Temple here.
Why would you want to do that?
There is a staircase to the Ecumenical Temple here.
The orc warrior shouts!
There is a staircase to the Ecumenical Temple here.
There is a staircase to the Ecumenical Temple here.
The orc priest shouts!
The orc closely misses you.
You hit the orc.
You kill the orc!
You see here a +0 short sword.
Casting: Confusing Touch (safe; 1% risk of failure)
Confirm with . or Enter, or press ? or * to list all spells.
Aiming: Ensorcelled Hibernation (safe; 2% risk of failure)
Press: ? - help, Shift-Dir - straight line, f - orc warrior
Aim: an orc warrior, wielding a +0 broad axe, wearing a +0 chain mail and quivering boomerangs (chance to affect: 56%)
The orc warrior resists with significant effort.
The orc warrior misses you.
Casting: Ensorcelled Hibernation (safe; 2% risk of failure)
Confirm with . or Enter, or press ? or * to list all spells.
Your hands begin to glow red.
The orc warrior hits you with a +0 broad axe!
You hit the orc warrior but do no damage.
The orc warrior appears confused.
The orc priest invokes the aid of Beogh against you.
Beogh smites you!
* * * LOW HITPOINT WARNING * * *
The orc warrior falls into the water!
The orc warrior drowns.
You hear a splash. x3
Your Hexes skill increases to level 8!
The orc priest mumbles some strange prayers to Beogh against you.
Beogh smites you!
You die...

# ##..#..#####.#.##.###.## ## #.
#.................# #..#
#..#.##......≈≈≈≈≈......###..#
#..........≈≈≈≈≈≈≈≈≈.........#
#...#....≈≈≈≈≈≈≈≈≈≈≈≈≈..####.#
.......#.≈≈≈≈≈≈...≈≈≈≈≈≈.## #.#
.###.#...≈≈≈≈≈≈.>.≈≈≈≈≈≈..###.###
#.##..≈≈≈≈≈≈...≈≈≈≈≈≈......... #
#..≈≈≈≈≈≈≈@≈≈≈≈≈≈≈.#.##.###
##..≈≈≈≈≈≈)≈≈≈≈≈≈..#.##.#
#....≈≈≈≈.≈≈≈≈....#.##.#
#......≈≈o≈≈........##.#
##.................#.##.#
...........>.....##....##.###
#####.########.##########...†
#.§..$.....# ##... ## )§§####.#
#.##


You could see an orc priest.

Vanquished Creatures
  Sigmund (D:4)
  Menkaure (D:6)
  A water moccasin (D:7)
  An orc warrior (D:7)
  An ogre (D:5)
  A phantom (D:6)
  A bullfrog (D:7)
  3 scorpions
  4 hounds
  An orc priest (D:6)
  Crazy Yiuf (D:2)
  4 iguanas
  2 orc wizards
  9 adders
  2 white imps (D:5)
  3 dart slugs
  12 orcs
  5 endoplasms
  3 giant cockroaches
  6 goblins
  4 hobgoblins
  7 jackals
  6 quokkas
  13 ball pythons
  2 bats
  7 frilled lizards
  6 kobolds
  9 rats
116 creatures vanquished.

Vanquished Creatures (others)
  4 toadstools (D:1)
4 creatures vanquished.

Grand Total: 120 creatures vanquished

Notes
Turn   | Place    | Note
-------+----------+-------------------------------------------
     0 | D:1      | LynnLen the Spriggan Enchanter began the quest for the Orb.
     0 | D:1      | Reached XP level 1. HP: 9/9 MP: 5/5
   274 | D:1      | Found Xypn's Weapon Shoppe.
   295 | D:1      | Reached XP level 2. HP: 13/13 MP: 7/7
   302 | D:1      | Learned a level 2 spell: Ensorcelled Hibernation
   588 | D:1      | Reached skill level 4 in Hexes
  1470 | D:2      | Reached XP level 3. HP: 16/16 MP: 8/8
  1478 | D:2      | Learned a level 3 spell: Confusing Touch
  1708 | D:2      | Found a runed translucent door.
  1709 | D:2      | Noticed Crazy Yiuf
  2672 | D:2      | Reached XP level 4. HP: 20/21 MP: 2/10
  2757 | D:2      | Learned a level 3 spell: Tukima's Dance
  2941 | D:2      | Killed Crazy Yiuf
  3065 | D:3      | Noticed shadowmeld's ghost (amateur DjMo)
  3065 | D:3      | Noticed cheesebisquit's ghost (amateur GrEE)
  3065 | D:3      | Found a runed translucent gate.
  3065 | D:3      | Found a runed translucent gate.
  3065 | D:3      | Found a runed translucent gate.
  3155 | D:3      | Identified the +6 short sword "Pankok" {elec, Int+4}
  3209 | D:3      | Found Afetism's Weapon Shop.
  3611 | D:3      | Found a faded altar of an unknown god.
  3837 | D:3      | Reached XP level 5. HP: 24/24 MP: 12/12
  4125 | D:4      | Found a shimmering altar of Xom.
  4271 | D:4      | Noticed Sigmund
  4274 | D:4      | Reached skill level 5 in Hexes
  4760 | D:4      | Reached XP level 6. HP: 26/28 MP: 11/14
  4764 | D:4      | Reached skill level 5 in Spellcasting
  6059 | D:4      | Killed Sigmund
  6060 | D:4      | Reached skill level 6 in Hexes
  6254 | D:5      | Entered Level 5 of the Dungeon
  6278 | D:5      | Found a transporter.
  6308 | D:5      | Found the +8 demon trident "Rift" {distort, reach+}
  6321 | D:5      | Found a transporter.
  6410 | D:5      | Learned a level 3 spell: Dazzling Flash
  6437 | D:5      | Reached XP level 7. HP: 32/32 MP: 10/17
  6662 | D:5      | Reached skill level 5 in Short Blades
  6877 | D:5      | Found Womijiy's Jewellery Boutique.
  7316 | D:6      | Reached skill level 7 in Hexes
  7405 | D:6      | Found a snail-covered altar of Cheibriados.
  7720 | D:6      | Reached XP level 8. HP: 36/36 MP: 16/19
  7743 | D:6      | Noticed Menkaure
  7767 | D:6      | Killed Menkaure
  8061 | D:7      | Found a staircase to the Ecumenical Temple.
  8079 | D:7      | Found a shadowy altar of Dithmenos.
  8311 | Temple   | Entered the Ecumenical Temple
  8430 | Temple   | Became a worshipper of Ashenzari the Shackled
  8476 | D:7      | Reached skill level 8 in Hexes
  8476 | D:7      | Killed from afar by an orc priest

Illustrated notes

Levels and vault maps discovered:
D:1:      ldierk_walled_garden_2, layout_loops_cross, serial_shops, shop
D:2:      layout_loops_corners, kennysheep_generic_room_4,
          uniq_crazy_yiuf_cottage
D:3:      layout_basic, dreamdust_ecumenical_altar_statues, serial_shops,
          nicolae_lakefront_shop, gammafunk_ghost_cemetery
D:4:      layout_loops_ring, nicolae_overflow_hidden_temple,
          portal_sewer_entry_e, uniq_sigmund
D:5:      layout_loops_ring, gammafunk_ghost_abyssal_escape, serial_shops,
          nicolae_lakefront_shop, kennysheep_cross_bottleneck
D:6:      layout_basic, mainiacjoe_overflow_paths,
          minmay_misc_feat_secret_circle, minmay_misc_feat_doors, uniq_menkaure
D:7:      layout_loops_ring, dk_yredelemnul_ordeal, grunt_dithmenos_smoke,
          temple_pool_b, serial_aquarium, aquarium_bridge_straight
          [aquarium_subvault_bridge, aquarium_subvault_wall,
          aquarium_subvault_bridge, aquarium_subvault_balcony],
          aquarium_window_corner, aquarium_window_corner, aquarium_view_2d,
          aquarium_view_2d
Temple:   hellmonk_temple_of_storms

Skill      XL: |  1  2  3  4  5  6  7  8 |
---------------+-------------------------+-----
Spellcasting   | 3 4 6 7 |  7.7
Hexes          | 4 5 6 7 8 |  8.0
Short Blades   | 2 3 4 5 6 |  6.5
Dodging        | |  2.6
Stealth        | |  4.4

Action                   |  1- 3 |  4- 6 |  7- 9 || total
-------------------------+-------+-------+-------++-------
Melee: Dagger            |    91 |     4 |       ||    95
       Short sword       |       |   128 |    65 ||   193
       Punch             |       |     1 |     1 ||     2
Throw: Stone             |     1 |     2 |       ||     3
 Cast: Ensorcelled Hiber |    12 |    13 |     6 ||    31
       Confusing Touch   |       |     5 |     3 ||     8
       Tukima's Dance    |       |     1 |       ||     1
  Use: Scroll            |     3 |     9 |     6 ||    18
 Stab: Sleeping          |    11 |    10 |     8 ||    29
       Confused          |       |     3 |       ||     3
       Distracted        |       |     1 |     1 ||     2
Armor: Robe              |     9 |     8 |     8 ||    25
Dodge: Dodged            |    48 |    84 |    24 ||   156
